[Event "Dalheimers Hus Rapid Open"]
[Site "Dalheimers Hus, Slottsskogsgatan 12, Gothenburg, Sweden"]
[Date "2024.04.14"]
[Round "7.3"]
[White "Wellevit, Tomas"]
[Black "Hellers, Ferdinand"]
[Result "0-1"]
[TimeControl "15 minutes + 5 seconds per move from move one."]
[BlackTitle "GM"]
[WhiteFideId "1731963"]
[BlackFideId "1700022"]
[WhiteElo "1978"]
[BlackElo "2410"]

1. e4 Nf6 2. Nc3 e5 3. Nf3 Nc6 4. Be2 Bc5 5. O-O d6 6. d3 a6 7. Bg5 h6 8. Be3 O-O 9. Qd2 Re8 10. h3 b5 11. Bxc5 dxc5 12.
Rad1 Bb7 13. Ne1 Nd4 14. f4 b4 15. Na4 Qd6 16. f5 Rad8 17. b3 Nxe4 18. Qe3 Ng3 19. Rd2 e4 20. Bg4 Nxf1 21.
Kxf1 exd3 22. Qxd3 Qe5 0-1

[Event "Dalheimers Hus Rapid Open"]
[Site "Dalheimers Hus, Slottsskogsgatan 12, Gothenburg, Sweden"]
[Date "2024.04.14"]
[Round "7.4"]
[White "Sigurgeirson, Brjann"]
[Black "Mohammadi, Amir"]
[Result "1-0"]
[TimeControl "15 minutes + 5 seconds per move from move one."]
[WhiteFideId "1712497"]
[BlackFideId "1705890"]
[WhiteElo "2103"]
[BlackElo "2275"]

1. e4 c5 2. Nf3 e6 3. c3 b6 4.
d4 Bb7 5. Bd3 d6 6. O-O Be7 7. Bf4 Nf6 8. Nbd2 Nbd7 9. Qe2 O-O 10. h3 Re8 11. Rfd1 Qc7 12. e5 Nd5 13. Bg3 dxe5 14.
dxe5 Nf8 15. Ne4 Ng6 16. Nd6 Bxd6 17. exd6 Qd8 18. Bxg6 hxg6 19. c4 Nb4 20. Ne5 Nc6 21. Qf3 Nxe5 22. Qxb7 Nxc4 23. d7 Rf8 24. Bc7 Qe7 25. Qa6 Na5 26. d8=Q Raxd8 27. Bxd8 Rxd8 28. Rxd8+ Qxd8 29. Qxa7 Nc4 30. Qa4 Nxb2 31. Qb3 Qd4 32. Qxb6 Nc4 33. Qb8+ Kh7 34. Rc1 Ne5 35. Qb1 c4 36. a4 Nd3 37. Rf1 c3 38. Qc2 Nb4 39. Qb3 c2 40. a5 Qd1 41. Rxd1 cxd1=Q+ 42. Qxd1 1-0

[Event "Dalheimers Hus Rapid Open"]
[Site "Dalheimers Hus, Slottsskogsgatan 12, Gothenburg, Sweden"]
[Date "2024.04.14"]
[Round "7.5"]
[White "Cramling, Pia"]
[Black "Aaberg, Anton"]
[Result "1/2-1/2"]
[TimeControl "15 minutes + 5 seconds per move from move one."]
[WhiteTitle "GM"]
[BlackTitle "IM"]
[WhiteFideId "1700030"]
[BlackFideId "1701991"]
[WhiteElo "2377"]
[BlackElo "2346"]

1. d4 d6 2. Nf3 Nf6 3. c4 g6 4.
Nc3 Bg7 5. e4 O-O 6. Be2 c5 7. h3 cxd4 8. Nxd4 Nc6 9. Be3 Nxd4 10. Bxd4 Be6 11. O-O Nd7 12. Rc1 Bxd4 13. Qxd4 Qb6 14.
Qd2 Rfc8 15. b3 Qa5 16. Qb2 a6 17. Rfd1 Qe5 18. Qd2 g5 19. Nd5 Bxd5 20. Qxd5 Qxd5 21. Rxd5 Ne5 22. g3 Rc6 23.
Rcd1 h6 24. f4 gxf4 25. gxf4 Ng6 26. Rf1 Rc5 27. Bg4 b5 28. Be2 b4 29. Kh2 Kf8 30. Kg3 a5 31. Rfd1 a4 32. Rxc5 dxc5 33. Rd5 axb3 34. axb3 e5 35. fxe5 Ra3 36. Bd1 Ra1 37. h4 Nxe5 38. Rxe5 Rxd1 39.
Rxc5 Rd3+ 40. Kf4 Rxb3 41. Rb5 Rh3 42.
Rxb4 Rxh4+ 43. Kf5 Rh1 44. c5 1/2-1/2

[Event "Dalheimers Hus Rapid Open"]
[Site "Dalheimers Hus, Slottsskogsgatan 12, Gothenburg, Sweden"]
[Date "2024.04.14"]
[Round "7.6"]
[White "Storme, Isak"]
[Black "Winsnes, Rikard"]
[Result "1-0"]
[TimeControl "15 minutes + 5 seconds per move from move one."]
[WhiteTitle "IM"]
[BlackTitle "IM"]
[WhiteFideId "1728113"]
[BlackFideId "1700430"]
[WhiteElo "2352"]
[BlackElo "2352"]

1. d4 Nf6 2. c4 g6 3. Nf3 Bg7 4. g3 O-O 5. Bg2 d6 6. O-O Nc6 7. Nc3 Bf5 8. Nh4 Bd7 9. b3 Qc8 10.
Bb2 Bh3 11. d5 Bxg2 12. Kxg2 Na5 13. Qd3 c5 14. e4 a6 15. f4 Rb8 16. Rae1 b5 17. cxb5 axb5 18. e5 dxe5 19. fxe5 Ng4 20.
Nf3 c4 21. Qe4 cxb3 22. axb3 Nxb3 23. d6 Nc5 24. Nd5 Re8 25. Qc2 exd6 26. exd6 Bxb2 27. Ne7+ Rxe7 28. dxe7 Ne6 29. Qxb2 Qc5 30. Qe2 Qxe7 31. h3 Nf6 32.
Ne5 b4 33. Kh2 b3 34. Nc6 Qb7 35. Nxb8 Qxb8 36. Rxf6 b2 37. Rff1 Qc8 38.
Rb1 Ng5 39. Qg2 Qc3 40. Rxb2 h5 41. Rbf2 h4 42. gxh4 Qc7+ 43. Qg3 1-0

[Event "Dalheimers Hus Rapid Open"]
[Site "Dalheimers Hus, Slottsskogsgatan 12, Gothenburg, Sweden"]
[Date "2024.04.14"]
[Round "7.7"]
[White "Brzezinski, Adam"]
[Black "Rydstrom, Tom"]
[Result "1/2-1/2"]
[TimeControl "15 minutes + 5 seconds per move from move one."]
[BlackTitle "FM"]
[WhiteFideId "1710460"]
[BlackFideId "1714830"]
[WhiteElo "2111"]
[BlackElo "2313"]

1. d4 Nf6 2. Bg5 d5 3. e3 Ne4 4. Bf4 c5 5. Nd2 Nxd2 6. Qxd2 cxd4 7. exd4 Nc6 8. Nf3 Bf5 9. c3 e6 10.
Bd3 Bxd3 11. Qxd3 Be7 12. O-O O-O 13. Rfe1 Rc8 14. Ne5 Nxe5 15. Bxe5 Bd6 16. Qg3 Bxe5 17. Rxe5 b5 18. a3 a5 19. Rg5 g6 20. h4 b4 21.
axb4 axb4 22. h5 bxc3 23. hxg6 cxb2 24. gxf7+ Kxf7 25. Qf3+ Ke8 26. Qh5+ Kd7 27. Rxd5+ exd5 28.
Qxd5+ Ke7 29. Ra7+ Rc7 30. Qe5+ Kd7 31.
Qd5+ Ke7 32. Qe5+ Kd7 1/2-1/2

[Event "Dalheimers Hus Rapid Open"]
[Site "Dalheimers Hus, Slottsskogsgatan 12, Gothenburg, Sweden"]
[Date "2024.04.14"]
[Round "7.8"]
[White "Andreasson, Ingvar"]
[Black "Robertsson, Klas"]
[Result "1-0"]
[TimeControl "15 minutes + 5 seconds per move from move one."]
[WhiteFideId "1700294"]
[BlackFideId "1737821"]
[WhiteElo "2323"]
[BlackElo "1919"]

1. d4 b6 2. Nf3 Bb7 3. Bf4 e6 4. e3 h6 5. Nbd2 d6 6. a4 Nd7 7. a5 Rb8 8. h3 Ngf6 9. Bd3 Nd5 10.
Bh2 Nb4 11. Be2 g5 12. c3 Nd5 13. axb6 axb6 14. Qb3 Bg7 15. O-O N5f6 16. Ne1 O-O 17. Bf3 d5 18. Qc2 Ra8 19. Rxa8 Qxa8 20.
Bxc7 Ne4 21. Nd3 Ndf6 22. Nb3 h5 23. Be2 g4 24. f3 Ng3 25. Bxg3 gxh3 26. gxh3 Bh6 27. Kf2 Qd8 28. Rg1 Kh7 29.
Ndc5+ Ne4+ 30. fxe4 bxc5 31. Nxc5 f5 32. Nxe6 fxe4+ 33. Kg2 1-0

[Event "Dalheimers Hus Rapid Open"]
[Site "Dalheimers Hus, Slottsskogsgatan 12, Gothenburg, Sweden"]
[Date "2024.04.14"]
[Round "7.9"]
[White "Thern, Alfred"]
[Black "Ulff, Johan"]
[Result "0-1"]
[TimeControl "15 minutes + 5 seconds per move from move one."]
[WhiteFideId "1775227"]
[BlackFideId "1733893"]
[WhiteElo "1795"]
[BlackElo "2123"]

1. e4 Nc6 2. d4 d5 3. e5 f6 4. exf6 Nxf6 5. Nf3 Bg4 6. Be2 Qd6 7. O-O O-O-O 8. c3 h5 9. Re1 Bxf3 10.
Bxf3 e5 11. g3 e4 12. Bf4 Qd7 13.
Bg2 Bd6 14. Bg5 Qf5 15. Bxf6 gxf6 16. h4 Qg6 17. c4 f5 18. c5 Be7 19. Qd2 Bxh4 20. b4 Bf6 21. Nc3 Nxd4 22. b5 h4 23.
Re3 h3 24. Bf1 f4 0-1

[Event "Dalheimers Hus Rapid Open"]
[Site "Dalheimers Hus, Slottsskogsgatan 12, Gothenburg, Sweden"]
[Date "2024.04.14"]
[Round "7.10"]
[White "Borvander, Tom"]
[Black "Karlsson, Stefan"]
[Result "0-1"]
[TimeControl "15 minutes + 5 seconds per move from move one."]
[WhiteFideId "1707388"]
[BlackFideId "1771183"]
[WhiteElo "2081"]
[BlackElo "1867"]

1. d4 Nf6 2. c4 g6 3. Nc3 Bg7 4.
Nf3 O-O 5. e4 d6 6. Be2 e5 7. O-O Bg4 8. Be3 Bxf3 9. Bxf3 exd4 10. Bxd4 Nc6 11. Be3 Nd7 12. Qd2 Re8 13. Rad1 Bxc3 14. Qxc3 Qf6 15. Qd2 Nc5 16. Bg5 Qg7 17.
Rfe1 Ne5 18. b4 Nxf3+ 19. gxf3 Ne6 20. Bh6 Qf6 21. f4 Qh4 22. f5 Qg4+ 23. Kh1 Qf3+ 24. Kg1 Qg4+ 25. Kh1 Ng7 26.
fxg6 hxg6 27. Qf4 Qe6 28. Qc1 Nh5 29. Re3 a5 30. b5 Qg4 31. Rg1 Qh4 32. Qc2 Re5 33. Qe2 Rae8 34. Rg4 Qe7 35.
Bg5 Rxg5 36. f4 Rxg4 37. Qxg4 Qe6 38. f5 Qxc4 39. Kg2 Nf6 40. Qh4 Rxe4 0-1

[Event "Dalheimers Hus Rapid Open"]
[Site "Dalheimers Hus, Slottsskogsgatan 12, Gothenburg, Sweden"]
[Date "2024.04.14"]
[Round "7.11"]
[White "Kallen, Jonas"]
[Black "Kadunic, Admir"]
[Result "1-0"]
[TimeControl "15 minutes + 5 seconds per move from move one."]
[WhiteFideId "1712896"]
[BlackFideId "1773542"]
[WhiteElo "2021"]
[BlackElo "1865"]

1. d4 Nf6 2. Bf4 d5 3. e3 e6 4. Nf3 Be7 5. Nbd2 O-O 6. Bd3 c5 7. c3 Nbd7 8. Ne5 Re8 9. g4 Nxe5 10.
dxe5 Nd7 11. Qc2 Nf8 12. Bg3 d4 13. O-O-O dxc3 14. Qxc3 Bd7 15. Ne4 Qb6 16. h4 Bc6 17. f4 Rac8 18.
Rhf1 c4 19. Bc2 Bb4 20. Qd4 Qa6 21. a3 Bxe4 22. Qxe4 Be7 23. Be1 c3 24. Bxc3 Bxa3 25. Qd3 Qc6 26. Bd4 Bc5 27. Bxc5 Qxc5 28.
Rf2 b5 29. Qd4 Qc7 30. Rfd2 a5 31. Kb1 a4 32. Qb4 Rb8 33. Be4 Qb6 34. Qd4 Qa5 35. f5 b4 36. f6 Ng6 37. Bxg6 hxg6 38. fxg7 a3 39. b3 Kxg7 40.
h5 Rh8 41. hxg6 fxg6 42. Qd7+ Kh6 43. Rh2+ Kg5 44. Qe7+ Kxg4 45. Qxe6+ Kf3 46. Qc6+ Kxe3 47. Re1+ Kf4 48. Qf6+ Kg4 49.
Rg1# 1-0

[Event "Dalheimers Hus Rapid Open"]
[Site "Dalheimers Hus, Slottsskogsgatan 12, Gothenburg, Sweden"]
[Date "2024.04.14"]
[Round "8.1"]
[White "Seo, Jung Min"]
[Black "Johansson, Linus"]
[Result "0-1"]
[TimeControl "15 minutes + 5 seconds per move from move one."]
[WhiteTitle "IM"]
[BlackTitle "IM"]
[WhiteFideId "1734687"]
[BlackFideId "1711113"]
[WhiteElo "2450"]
[BlackElo "2427"]

1. e4 c5 2. Nf3 d6 3. d4 cxd4 4. Nxd4 Nf6 5. Nc3 a6 6. h3 e5 7. Nb3 Be7 8. g4 Be6 9. g5 Nfd7 10. h4 Nb6 11. Be3 N8d7 12.
Qd2 Rc8 13. O-O-O Nc4 14. Bxc4 Rxc4 15. f4 exf4 16. Bxf4 Ne5 17. Nd4 O-O 18. Nf5 Re8 19. Bxe5 Bxf5 20. Bxg7 Bxe4 21. Nxe4 Rxe4 22. Bc3 Bf8 23.
h5 R8e6 24. g6 h6 25. gxf7+ Kxf7 26. Rdf1+ Ke8 27. Kb1 Be7 28. Rhg1 Bg5 29. Qd5 Qe7 30. a3 Kd8 31. Rf5 Qd7 32. Rgf1 Qc6 33. Rf8+ Re8 34. Qa5+ Kc8 35.
R8f7 Qc5 36. Rd1 Qxa5 37. Bxa5 R4e7 38. Rff1 Kd7 39. Bb4 Re6 40. Rd5 Kc6 41. Rfd1 Bf4 42. Rf5 Be5 43. Bd2 Rg8 44. Bc1 Rg2 45.
Rh1 Bd4 46. Rf7 Ree2 47. c3 Be3 48. Bxe3 Rxe3 49. Ka1 Ree2 50. Rb1 Re5 51. Rh1 Rb5 52. b4 Rd5 53. Rf6 Rdd2 54. Rxh6 Kb5 0-1

[Event "Dalheimers Hus Rapid Open"]
[Site "Dalheimers Hus, Slottsskogsgatan 12, Gothenburg, Sweden"]
[Date "2024.04.14"]
[Round "8.2"]
[White "Hellers, Ferdinand"]
[Black "Storme, Isak"]
[Result "1/2-1/2"]
[TimeControl "15 minutes + 5 seconds per move from move one."]
[WhiteTitle "GM"]
[BlackTitle "IM"]
[WhiteFideId "1700022"]
[BlackFideId "1728113"]
[WhiteElo "2410"]
[BlackElo "2352"]

1. e4 e5 2. Nf3 Nc6 3. Bb5 a6 4. Ba4 Nf6 5. O-O Be7 6. Re1 b5 7. Bb3 O-O 8. a4 b4 9. d4 d6 10.
dxe5 dxe5 11. Nbd2 Bc5 12. Qe2 Qe7 13. a5 Bg4 14. c3 h6 15. h3 Be6 16. Bc4 bxc3 17. bxc3 Bxc4 18. Qxc4 Rfb8 19.
Nb3 Rb5 20. Be3 Bxe3 21. Rxe3 Qe6 22. Qxe6 fxe6 23. Nfd2 Rab8 24. Ra3 Rd8 25. Kf1 Kf7 26. Ke2 Ke7 27. Rd3 Rd6 28. Nc4 Nxe4 29. Nxd6 cxd6 30. f3 Nc5 31.
Nxc5 Rxc5 32. Rd2 Nxa5 33. Rda2 Nc6 34. Rxa6 Rxc3 35. Kd2 Rc5 36. Rb6 d5 37. Rc2 Rxc2+ 38. Kxc2 Nd4+ 39. Kd3 Kf6 40. f4 Nf5 41. fxe5+ Kxe5 42.
Rb7 Kf6 43. Rd7 Nh4 44. g4 Nf3 45.
Ke3 Ng5 46. h4 Nf7 47. Ra7 g5 48. hxg5+ hxg5 49. Kf3 Ne5+ 50. Kg3 Nc4 51. Kf3 Nd2+ 52. Ke3 Ne4 53. Ra8 Ke5 54. Rf8 d4+ 55.
Kd3 Nc5+ 56. Kc4 Nb7 57. Rg8 Nd6+ 58. Kd3 Ne4 59. Rf8 Nf6 60. Rd8 Nd5 61. Rg8 Nf4+ 62. Kc4 Nh3 63. Rg6 Kf4 64.
Rxe6 Kxg4 65. Kxd4 Nf4 66. Re8 Kf3 67. Rf8 g4 68. Ke5 g3 69. Rxf4+ Ke3 70. Rf1 g2 71. Ra1 Kf2 72. Kf4 g1=Q 73. Rxg1 Kxg1 74. Ke4 1/2-1/2

[Event "Dalheimers Hus Rapid Open"]
[Site "Dalheimers Hus, Slottsskogsgatan 12, Gothenburg, Sweden"]
[Date "2024.04.14"]
[Round "8.3"]
[White "Olsson, William"]
[Black "Sigurgeirson, Brjann"]
[Result "1-0"]
[TimeControl "15 minutes + 5 seconds per move from move one."]
[WhiteTitle "FM"]
[WhiteFideId "1741721"]
[BlackFideId "1712497"]
[WhiteElo "2159"]
[BlackElo "2103"]

1. c4 Nf6 2. Nc3 c5 3.
g3 d6 4.
Bg2 g6 5. a3 Bg7 6. b4 cxb4 7. axb4 O-O 8. Rb1 Nc6 9. Nh3 e5 10. Ng5 Bf5 11. d3 h6 12. Nf3 Re8 13. Nd2 Rb8 14. O-O Qd7 15. Re1 Bh3 16.
Bh1 Bg4 17. Qb3 Nd4 18. Qa2 a6 19. e3 Nc6 20. b5 axb5 21. Rxb5 Bf5 22. Nde4 Nxe4 23. Nxe4 Be6 24. Ba3 Ra8 25. Qb2 Rxa3 26. Qxa3 Rd8 27.
Reb1 f5 28. Rxb7 Qc8 29. Nxd6 1-0

[Event "Dalheimers Hus Rapid Open"]
[Site "Dalheimers Hus, Slottsskogsgatan 12, Gothenburg, Sweden"]
[Date "2024.04.14"]
[Round "8.4"]
[White "Mohammadi, Amir"]
[Black "Cramling, Pia"]
[Result "0-1"]
[TimeControl "15 minutes + 5 seconds per move from move one."]
[BlackTitle "GM"]
[WhiteFideId "1705890"]
[BlackFideId "1700030"]
[WhiteElo "2275"]
[BlackElo "2377"]

1. e4 c5 2. Nc3 Nc6 3. g3 g6 4. Bg2 Bg7 5.
d3 d6 6.
Be3 e5 7. Qd2 Nge7 8. Bh6 O-O 9.
h4 Bxh6 10. Qxh6 f6 11. Qd2 Rb8 12. f4 Bg4 13. Nd1 exf4 14. gxf4 f5 15. Ne3 Bh5 16. Bf3 Nd4 17. Bxh5 gxh5 18. c3 Ne6 19. Nh3 fxe4 20.
dxe4 Nxf4 21. O-O-O Nxh3 22. Rxh3 Ng6 23. Nf5 Qf6 24. Rg3 Kh8 25. Qh6 Ne5 26. Qxh5 Rbd8 27. Rdg1 Rd7 28. Qe2 c4 29.
Kb1 d5 30. Qg2 Rdd8 31. Ne3 dxe4 32. Qxe4 Nf3 33. Rxf3 Qxf3 34. Qe5+ Qf6 35. Qc7 Rde8 36. Nd5 Qf5+ 37. Kc1 Rf7 38. Qxc4 Qe5 39. b4 Rd7 40.
Nf4 Qe3+ 0-1

[Event "Dalheimers Hus Rapid Open"]
[Site "Dalheimers Hus, Slottsskogsgatan 12, Gothenburg, Sweden"]
[Date "2024.04.14"]
[Round "8.5"]
[White "Aaberg, Anton"]
[Black "Svensson, Leif"]
[Result "1-0"]
[TimeControl "15 minutes + 5 seconds per move from move one."]
[WhiteTitle "IM"]
[WhiteFideId "1701991"]
[BlackFideId "1702459"]
[WhiteElo "2346"]
[BlackElo "1952"]

1. e4 e5 2. Nf3 Nc6 3. Bc4 Nf6 4. d3 Bc5 5. O-O d6 6. c3 a6 7. d4 Ba7 8. dxe5 Nxe5 9. Nxe5 dxe5 10.
Qxd8+ Kxd8 11. Bxf7 Ke7 12. Bb3 Nxe4 13. Nd2 Nxf2 14. Rxf2 Rf8 15. Ne4 Bf5 16. Bg5+ Ke8 17. Nd2 Bd3 18. Bh4 g5 19. Bg3 h5 20.
h4 gxh4 21. Bxh4 Bxf2+ 22. Bxf2 Kd7 23. Rd1 Kc6 24. Nf3 1-0

[Event "Dalheimers Hus Rapid Open"]
[Site "Dalheimers Hus, Slottsskogsgatan 12, Gothenburg, Sweden"]
[Date "2024.04.14"]
[Round "8.6"]
[White "Ulff, Johan"]
[Black "Andreasson, Ingvar"]
[Result "0-1"]
[TimeControl "15 minutes + 5 seconds per move from move one."]
[WhiteFideId "1733893"]
[BlackFideId "1700294"]
[WhiteElo "2123"]
[BlackElo "2323"]

1. d4 Nf6 2. Bf4 g6 3. e3 Bg7 4. Be2 d6 5. Nc3 Nbd7 6. Nf3 O-O 7. h4 h5 8. Qd2 c6 9. O-O b5 10.
a3 a6 11. e4 Ng4 12. Nh2 e5 13. Nxg4 exf4 14. Nh2 Qxh4 15. Nf3 Qf6 16. Rae1 g5 17. e5 Qh6 18. exd6 g4 19. Ne5 Qxd6 20. Ne4 Qh6 21. Nd3 Bxd4 22.
Nxf4 Bg7 23. g3 h4 24. Bxg4 Ne5 25. Bd1 Bf5 26. Ng2 Qxd2 27. Nxd2 hxg3 28. fxg3 Bh7 29. Nf4 Rad8 30. Nb3 Nc4 31. Nh5 Bxb2 32. Nf6+ Kg7 33. Nxh7 Kxh7 34. Re4 f5 35. Re6 Rd6 36.
Re7+ Kg6 37. g4 f4 38. Be2 Ne5 39. Nc5 Bd4+ 40. Kg2 Bxc5 41. Rxe5 Rd2 42. Kf3 Bd6 43. Re6+ Rf6 44. Bd3+ Rxd3+ 0-1

[Event "Dalheimers Hus Rapid Open"]
[Site "Dalheimers Hus, Slottsskogsgatan 12, Gothenburg, Sweden"]
[Date "2024.04.14"]
[Round "8.7"]
[White "Rydstrom, Tom"]
[Black "Karlsson, Stefan"]
[Result "1/2-1/2"]
[TimeControl "15 minutes + 5 seconds per move from move one."]
[WhiteTitle "FM"]
[WhiteFideId "1714830"]
[BlackFideId "1771183"]
[WhiteElo "2313"]
[BlackElo "1867"]

1. e4 c5 2. Nf3 d6 3.
d4 cxd4 4. Nxd4 Nf6 5. Nc3 Nc6 6. Bg5 e6 7. Qd2 a6 8. O-O-O Bd7 9. f3 Nxd4 10. Qxd4 Be7 11. h4 Qc7 12. Kb1 b5 13. Qd2 b4 14. Ne2 a5 15. Nd4 Rb8 16.
g4 h5 17. gxh5 Nxh5 18. Bxe7 Kxe7 19. Rg1 a4 20. Be2 a3 21. f4 Nf6 22. Qe3 g6 23. Bf3 Rxh4 24. e5 dxe5 25. fxe5 Nh7 26. Rgf1 Kf8 27. Be2 Kg7 28.
Qf2 Rh6 29. Qxf7+ Kh8 30. Rh1 Rf8 31. Qe7 Re8 32. Qxb4 Rxh1 33.
Rxh1 Qxe5 34. Bb5 Bxb5 35. Qxb5 Qxb5 36.
Nxb5 axb2 37. Kxb2 Rb8 38. a4 Kg7 39.
c4 Nf6 40. Kb3 Ne4 41. Kb4 g5 42. a5 g4 43. Re1 Ng5 44. Rg1 Kf6 45. Rxg4 Nf7 46.
a6 Ne5 47. Rg1 Rc8 48. Rc1 Nd3+ 49. Ka5 Nxc1 50. a7 Nb3+ 51. Kb6 Nc5 52. Nc7 e5 53. Kxc5 Rxc7+ 54. Kb6 Rxa7 55. Kxa7 e4 56. c5 e3 57. c6 e2 58. c7 e1=Q 59. c8=Q Qa5+ 60. Kb8 Qb6+ 61. Ka8 Qa5+ 1/2-1/2

[Event "Dalheimers Hus Rapid Open"]
[Site "Dalheimers Hus, Slottsskogsgatan 12, Gothenburg, Sweden"]
[Date "2024.04.14"]
[Round "8.8"]
[White "Kallen, Jonas"]
[Black "Svensson, Bengt"]
[Result "0-1"]
[TimeControl "15 minutes + 5 seconds per move from move one."]
[BlackTitle "IM"]
[WhiteFideId "1712896"]
[BlackFideId "1700200"]
[WhiteElo "2021"]
[BlackElo "2281"]

1. e4 c5 2. Nf3 Nc6 3. Bb5 g6 4. O-O Bg7 5. Re1 Nf6 6. c3 O-O 7. d4 d5 8. e5 Ne4 9. Nbd2 Nxd2 10.
Bxd2 Qb6 11. Bxc6 bxc6 12. b3 Bg4 13. Be3 cxd4 14. Qxd4 Bxf3 15. gxf3 Qb7 16. f4 Qd7 17. c4 Qg4+ 18.
Kh1 Qf3+ 19. Kg1 f6 20. Qc5 fxe5 21.
fxe5 Bxe5 22. Rad1 Qh3 23. f4 Bxf4 24. Rd2 Bxe3+ 25. Qxe3 Rf1+ 0-1

[Event "Dalheimers Hus Rapid Open"]
[Site "Dalheimers Hus, Slottsskogsgatan 12, Gothenburg, Sweden"]
[Date "2024.04.14"]
[Round "8.9"]
[White "Wellevit, Tomas"]
[Black "Sjoholm, Emil"]
[Result "0-1"]
[TimeControl "15 minutes + 5 seconds per move from move one."]
[WhiteFideId "1731963"]
[BlackFideId "1720449"]
[WhiteElo "1978"]
[BlackElo "2016"]

1. e4 e5 2. Nf3 Nc6 3.
d4 exd4 4. Bc4 Nf6 5. Qe2 Bb4+ 6. c3 dxc3 7. bxc3 Ba5 8.
e5 O-O 9. exf6 Re8 10. Be3 d5 11.
Bb5 Qxf6 12. O-O Bg4 13. h3 Bh5 14. g4 Bg6 15. Bxc6 Qxc6 16. Nd4 Qd7 17. Qd2 h5 18. f3 Bb6 19.
Bf2 c5 20. Ne2 hxg4 21. hxg4 Re7 22. Nf4 d4 23. Nxg6 fxg6 24. cxd4 cxd4 25. Na3 Rae8 26. Rae1 Qa4 27. Rxe7 Rxe7 28. Qb2 Rf7 29. Kg2 Rxf3 30.
Kxf3 Qc6+ 31. Kg3 Bc7+ 32. Kh4 g5+ 33. Kxg5 Qf6+ 0-1

[Event "Dalheimers Hus Rapid Open"]
[Site "Dalheimers Hus, Slottsskogsgatan 12, Gothenburg, Sweden"]
[Date "2024.04.14"]
[Round "8.10"]
[White "Winsnes, Rikard"]
[Black "Wesslen, Ulf"]
[Result "1-0"]
[TimeControl "15 minutes + 5 seconds per move from move one."]
[WhiteTitle "IM"]
[WhiteFideId "1700430"]
[BlackFideId "1705199"]
[WhiteElo "2352"]
[BlackElo "1949"]

1. e4 e6 2. d4 d5 3. Nd2 Nf6 4. e5 Nfd7 5. Ngf3 c5 6. c3 Nc6 7. Bd3 Be7 8. O-O O-O 9. Re1 cxd4 10.
cxd4 Re8 11. Nf1 f6 12. exf6 Bxf6 13. Ng3 e5 14. dxe5 Ndxe5 15. Nxe5 Nxe5 16. Bb5 Bg4 17. Qd2 Re7 18.
Be2 Be6 19. Nh5 Rc7 20. Bf1 Rac8 21. f4 Rc2 22. Qe3 d4 23. Nxf6+ Kf7 24. Qxe5 gxf6 25. Qxe6+ Kf8 26. Bd3 R2c6 27. Qe4 R8c7 28. f5 Rc5 29.
Bh6+ Kg8 30. Qe6+ Kh8 31. Qe8+ 1-0

[Event "Dalheimers Hus Rapid Open"]
[Site "Dalheimers Hus, Slottsskogsgatan 12, Gothenburg, Sweden"]
[Date "2024.04.14"]
[Round "8.11"]
[White "Sandberg, Lucas"]
[Black "Brzezinski, Adam"]
[Result "0-1"]
[TimeControl "15 minutes + 5 seconds per move from move one."]
[WhiteFideId "1773712"]
[BlackFideId "1710460"]
[WhiteElo "1926"]
[BlackElo "2111"]

1. e4 e6 2. Nf3 d5 3.
Nc3 d4 4. Ne2 c5 5. c3 Nf6 6.
e5 Nfd7 7. cxd4 cxd4 8. Nexd4 Nxe5 9.
Bb5+ Nec6 10. Nxc6 Nxc6 11. O-O Bd7 12. d4 a6 13. Bc4 Na5 14. Be2 Bb5 15. Bxb5+ axb5 16.
Qe2 Qd5 17. Qe5 Qxe5 18. dxe5 Bc5 19. Bd2 Nc4 20. Bc3 b4 21. b3 bxc3 22. bxc4 Ba3 23. Ne1 Bb2 24. Rb1 Rxa2 25. Nd3 Ke7 26. Nxb2 cxb2 27. g3 Rc8 0-1